 Dungeon Crawl Stone Soup version 0.31-a0-18-gea43df2a32 (webtiles) character file.

Game seed: 3611742343232257823

2 dracfodder the Digger (level 1, 0/10 HPs)
             Began as a Gargoyle Earth Elementalist on May 10, 2023.
             Slain by a hobgoblin (1 damage)
             ... on level 1 of the Dungeon.
             The game lasted 00:00:42 (36 turns).

dracfodder the Digger (Gargoyle Earth Elementalist)   Turns: 36, Time: 00:00:42

Health: 0/10       AC:  4    Str: 11    XL:     1   Next: 40%
Magic:  0/3        EV: 11    Int: 15    God:
Gold:   0          SH:  0    Dex: 10    Spells: 3/4 levels left

rFire   . . .        (no weapon)
rCold   . . .        (no shield)
rNeg    + . .        a - +0 robe
rPois   ∞            (no helmet)
rElec   +            (no cloak)
rCorr   .            (no gloves)
SInv    .            (no boots)
Will    .....        (no amulet)
Stlth   ++           (no ring)
HPRegen 0.21/turn    (no ring)
MPRegen 0.08/turn

%: no passive effects
@: no status effects
A: sickness immunity, AC +2, negative energy resistance 1, electricity
resistance, torment resistance 1, petrification resistance
a: no special abilities


You were on level 1 of the Dungeon.
You visited 1 branch of the dungeon, and saw 1 of its levels.

Inventory:

Armour
 a - a +0 robe (worn)
Potions
 b - a potion of magic


   Skills:
 + Level 1.5 Dodging
 + Level 2.3 Stealth
 + Level 2.0 Spellcasting
 + Level 0.7 Transmutations
 + Level 3.7 Earth Magic


You had 3 spell levels left.
You knew the following spells:

 Your Spells              Type           Power      Damage    Failure   Level
a - Sandblast             Erth           24%        2d8       4%          1

Your spell library contained the following spells:

 Spells                   Type           Power      Damage    Failure   Level
 Passwall                 Tmut/Erth      6%         N/A       14%         2
 Stone Arrow              Conj/Erth      14%        3d7       30%         3
 Petrify                  Tmut/Erth      8%         N/A       65%         4


Dungeon Overview and Level Annotations

Branches:
Dungeon (1/15)

Altars:


Innate Abilities, Weirdness & Mutations

You are immune to sickness and miasma.
Your stone body is resilient. (AC +2)
You are immune to poison.
You resist negative energy. (rN+)
You are resistant to electric shocks. (rElec)
You are resistant to unholy torment.
You are immune to petrification.


Message History

There is an open door here.
The giant cockroach bites you but does no damage.
The bat barely misses you. The bat hits you but does no damage.
The giant cockroach attacks as you move away!
The giant cockroach bites you.
A hobgoblin comes into view.
The giant cockroach attacks as you move away!
The giant cockroach closely misses you. The hobgoblin attacks as you move away!
The hobgoblin closely misses you. The bat closely misses you.
The giant cockroach closely misses you. The dart slug launches a dart at you.
The slug dart hits you.
The giant cockroach attacks as you move away!
The giant cockroach bites you.
Aiming: Sandblast (safe; 4% risk of failure)
Press: ? - help, Q - select action Shift-Dir - straight line, f - rat
Aim: a rat (82% to hit)
The blast of sand misses the giant cockroach.
The blast of sand hits the bat!
You kill the bat!
The giant cockroach bites you but does no damage.
The giant cockroach barely misses you.
Aiming: Sandblast (safe; 4% risk of failure)
Press: ? - help, Q - select action Shift-Dir - straight line, f/p - rat
Aim: a rat (82% to hit)
The blast of sand hits the giant cockroach.
The giant cockroach is heavily wounded.
The giant cockroach bites you but does no damage.
The giant cockroach barely misses you.
Aiming: Sandblast (safe; 4% risk of failure)
Press: ? - help, Q - select action Shift-Dir - straight line, f/p - rat
Aim: a rat (82% to hit)
The blast of sand hits the giant cockroach.
You kill the giant cockroach!
You barely miss the hobgoblin. The hobgoblin hits you.
You closely miss the hobgoblin. The hobgoblin hits you.
* * * LOW HITPOINT WARNING * * *
You hit the hobgoblin but do no damage. The hobgoblin hits you.
You die...

♣PP~.#§#.~♣.P♣PP♣
PP♣♣P~.###.~♣P♣P♣♣
~~~~~~.....~~~~~~
~~~~~~~~.~~~~~~~
PPP.♣♣P~.~P..♣P♣
PP♣PPPP~.~..♣PP♣
~~~~~~~~.~~~~~~~
########'#########
...........wJrg@#
###........g#####
#..#....###
.......)..
.....#....##
.....g.....
..#..#.##### ...#.


You could see a dart slug, an endoplasm, 2 hobgoblins and a rat.

Vanquished Creatures
  A bat (D:1)
  A giant cockroach (D:1)
2 creatures vanquished.

Notes
Turn   | Place    | Note
-------+----------+-------------------------------------------
     0 | D:1      | dracfodder the Gargoyle Earth Elementalist began the quest
                  | for the Orb.
     0 | D:1      | Reached XP level 1. HP: 10/10 MP: 3/3
    36 | D:1      | Slain by a hobgoblin

Illustrated notes

Levels and vault maps discovered:
D:1:      lightli_arrival_farm, layout_basic, st_stairs_11

Action                     || total
---------------------------++-------
  Melee: Unarmed           ||     3
   Cast: Sandblast         ||     3
 Armour: Robe              ||     4
  Dodge: Dodged            ||     8

Table legend: (Time is in decaauts)
 A = Elapsed time spent in this place.
 B = Non-inter-level travel time spent in this place.
 C = Inter-level travel time spent in this place.
 D = Time resting spent in this place.
 E = Time spent auto-exploring this place.
 F = Levels seen in this place.
 G = Mean time per level.
                   A        B        C        D        E       F      G
               +--------+--------+--------+--------+--------+-----+--------+
         Total |     39 |     39 |      0 |      0 |     23 |   1 |   39.0 |
       Dungeon |     39 |     39 |      0 |      0 |     23 |   1 |   39.0 |
               +--------+--------+--------+--------+--------+-----+--------+

Top non-repeatable levels by time:
     D:1: 39 daAuts
